 Dungeon Crawl Stone Soup version 0.29-a0-323-g050149af67 (webtiles) character file.

Game seed: 5645320417502921106

116 bande the Skirmisher (level 5, -3/33 HPs)
             Began as a Gargoyle Fighter on Apr 11, 2022.
             Slain by an ice beast (9 damage)
             ... on level 3 of the Dungeon.
             The game lasted 00:03:02 (1766 turns).

bande the Skirmisher (Gargoyle Fighter)             Turns: 1766, Time: 00:03:03

Health: -3/33      AC: 14    Str: 20    XL:     5   Next: 0%
Magic:  5/5        EV:  7    Int:  8    God:
Gold:   112        SH:  4    Dex: 11    Spells: 4/4 levels left

rFire   . . .      SeeInvis .   a - +0 war axe
rCold   . . .      Faith    .   c - +0 buckler
rNeg    + . .      Spirit   .   j - +0 chain mail
rPois   ∞          Reflect  .   k - +0 helmet
rElec   +          Harm     .   (no cloak)
rCorr   .          Rampage  .   (no gloves)
Will    .....                   (no boots)
Stlth   ..........              (no amulet)
HPRegen 0.11/turn               (no ring)
MPRegen 0.09/turn               (no ring)

@: slowed, very slow
A: sickness immunity, AC +4, negative energy resistance 1, electricity
resistance, torment resistance 1, petrification resistance
a: no special abilities


You were on level 3 of the Dungeon.
You visited 1 branch of the dungeon, and saw 3 of its levels.

You collected 112 gold pieces.

Inventory:

Hand Weapons
 a - a +0 war axe (weapon)
Armour
 c - a +0 buckler (worn)
 j - a +0 chain mail (worn)
 k - a +0 helmet (worn)
Jewellery
 i - a ring of positive energy
Wands
 h - a wand of digging (3)
 m - a wand of acid (10)
Scrolls
 n - a scroll of teleportation
Potions
 d - a potion of might
 e - 2 potions of brilliance
 f - a potion of curing
 g - a potion of flight {unknown}


   Skills:
 + Level 4.0 Fighting
 + Level 3.0 Axes
 + Level 3.9 Armour
 + Level 3.8 Shields
 * Level 0.7 Evocations


You had 4 spell levels left.
You didn't know any spells.
Your spell library contained the following spells:

 Spells                   Type           Power      Damage    Failure   Level
 Sting                    Tmut/Pois      0%         1d3       99%         1
 Poisonous Vapours        Pois/Air       0%         N/A       100%        2
 Tukima's Dance           Hex            0%         N/A       100%        3
 Olgreb's Toxic Radiance  Pois           0%         N/A       100%        4
 Passage of Golubria      Tloc           0%         N/A       100%        4
 Yara's Violent Unravell  Hex/Tmut       0%         3d3       100%        5


Dungeon Overview and Level Annotations

Branches:
Dungeon (3/15)

Altars:


Innate Abilities, Weirdness & Mutations

You are immune to sickness and miasma.
Your stone body is resilient. (AC +4)
You are immune to poison.
You resist negative energy. (rN+)
You are resistant to electric shocks. (rElec)
You are resistant to unholy torment.
You are immune to petrification.


Message History

The magic dart hits you but does no damage.
You barely miss Natasha.
You hit the crimson imp but do no damage.
You feel yourself speed up.
The crimson imp hits you but does no damage.
Natasha claws you. The crimson imp barely misses you.
Natasha claws you but does no damage.
You closely miss Natasha. You barely miss the crimson imp.
The crimson imp closely misses you. Natasha claws you but does no damage.
You slash Natasha!
Natasha is almost dead.
You hit the crimson imp. The crimson imp closely misses you. Natasha claws you.
The crimson imp blinks!
You completely miss Natasha.
Natasha is almost dead.
You miss the crimson imp. You block Natasha's attack.
The crimson imp barely misses you. Natasha casts a spell at you.
You feel yourself slow down.
You closely miss Natasha.
Natasha is almost dead.
You hit the crimson imp.
The crimson imp disappears in a puff of smoke!
Natasha stares at you and mumbles some strange words.
The magic dart hits you but does no damage.
Natasha stares at you and mumbles some strange words.
The magic dart hits you.
You hit Natasha.
You kill Natasha!
Suddenly Natasha's spirit rises from her lifeless body.
The ice beast hits you. The ice beast freezes you.
* * * LOW HITPOINT WARNING * * *
Your Fighting skill increases to level 4!
Your Axes skill increases to level 3!
You have reached level 5!
You closely miss the ice beast. The ice beast barely misses you.
The ice beast hits you.
* * * LOW HITPOINT WARNING * * *
The ice beast freezes you!
You die...

#...#####.##.# #.#
###......##.##.#####.####
.........##.##..........#
......5....5##.#####.##.#
.........#..##.# #!##.#
##....##.#..##.# #.##.##
#[........Y...#
#.#...######
#.....#.#..##Y#
#...#.......
#.###.#.#..##@#
###...###### ## #
#######.# ###..###### #.#
#..........
########.##.####8#
#......##...
#.#######.#.8? #.#
#.####.# #.# #.# # #.###
.#


You could see an ice beast.

Vanquished Creatures
  Terence (D:2)
  Natasha (D:3)
  2 adders (D:2)
  3 worms (D:2)
  3 dart slugs
  4 bats (D:1)
  4 endoplasms
  5 hobgoblins
  3 kobolds
  A quokka (D:2)
  4 ball pythons
  2 frilled lizards (D:1)
  2 goblins (D:1)
  A rat (D:2)
36 creatures vanquished.

Notes
Turn   | Place    | Note
-------+----------+-------------------------------------------
     0 | D:1      | bande the Gargoyle Fighter began the quest for the Orb.
     0 | D:1      | Reached XP level 1. HP: 14/14 MP: 1/1
   118 | D:1      | Reached XP level 2. HP: 19/19 MP: 2/2
   339 | D:1      | Found a faded altar of an unknown god.
   774 | D:2      | Reached XP level 3. HP: 24/24 MP: 3/3
  1041 | D:2      | Noticed Terence
  1413 | D:2      | Reached XP level 4. HP: 24/29 MP: 4/4
  1645 | D:2      | Killed Terence
  1744 | D:3      | Noticed an ice beast
  1745 | D:3      | Noticed Natasha
  1765 | D:3      | Killed Natasha
  1766 | D:3      | Reached skill level 4 in Fighting
  1766 | D:3      | Reached XP level 5. HP: 6/33 MP: 5/5
  1766 | D:3      | Slain by an ice beast

Illustrated notes

Levels and vault maps discovered:
D:1:      elethiomel_arrival_fortress_basement, layout_basic,
          shapermc_ecumenical_altar_mp_vishouse, glass_columns_a
D:2:      layout_rooms, uniq_terence
D:3:      layout_loops_ring, serial_shops, nicolae_shop_statue_plus,
          kennysheep_generic_room_2, uniq_natasha

Skill      XL: |  1  2  3  4 |
---------------+-------------+-----
Axes           | 2 3 |  3.0
Fighting       | 4 |  4.0
Armour         | |  3.9
Shields        | |  3.8
Evocations     | |  0.7

Action                   |  1- 3 |  4- 6 || total
-------------------------+-------+-------++-------
Melee: War axe           |    81 |    37 ||   118
  Use: Scroll            |     5 |     1 ||     6
Armor: Scale mail        |     6 |       ||     6
       Chain mail        |    28 |    25 ||    53
Dodge: Dodged            |    30 |    19 ||    49
Block: Buckler           |    16 |     8 ||    24

Table legend: (Time is in decaauts)
 A = Elapsed time spent in this place.
 B = Non-inter-level travel time spent in this place.
 C = Inter-level travel time spent in this place.
 D = Time resting spent in this place.
 E = Time spent auto-exploring this place.
 F = Levels seen in this place.
 G = Mean time per level.
                   A        B        C        D        E       F      G
               +--------+--------+--------+--------+--------+-----+--------+
         Total |   1815 |   1815 |      0 |    187 |   1200 |   3 |  605.0 |
       Dungeon |   1815 |   1815 |      0 |    187 |   1200 |   3 |  605.0 |
               +--------+--------+--------+--------+--------+-----+--------+

Top non-repeatable levels by time:
     D:2: 961 daAuts
     D:1: 747 daAuts
     D:3: 106 daAuts
